 Dungeon Crawl Stone Soup version 0.31.0-10-gcf4a605ca0 (webtiles) character file.

Game seed: 2262979253614452536

1600 Armakuni the Cutter (level 8, -3/49 HPs)
             Began as a Deep Elf Gladiator on Jan 26, 2024.
             Was an Initiate of Gozag.
             Slain by an ogre
             ... wielding a +0 giant club
              (7 damage)
             ... on level 5 of the Dungeon.
             The game lasted 00:16:28 (6078 turns).

Armakuni the Cutter (Deep Elf Gladiator)            Turns: 6078, Time: 00:16:29

Health: -3/49      AC:  7    Str: 10 (13) XL:     8   Next: 62%
Magic:  10/10      EV: 11    Int: 11 (14) God:    Gozag
Gold:   120        SH:  0    Dex: 13 (16) Spells: 7/7 levels left

rFire   x . .        a - +0 rapier (flame)
rCold   . . .        (no shield)
rNeg    . . .        g - +0 ring mail
rPois   .            c - +1 helmet
rElec   .            (no cloak)
rCorr   .            (no gloves)
SInv    .            (no boots)
Will    .....        (no amulet)
Stlth   +            L - ring of flight
HPRegen 0.28/turn    (no ring)
MPRegen 0.12/turn

%: no passive effects
@: flying
A: deterioration 1, heat vulnerability 1, inability to read after injury 1
a: Renounce Religion, Potion Petition, Call Merchant, Bribe Branch


You were on level 5 of the Dungeon.
You worshipped Gozag.
Gozag was aware of your devotion.
You visited 2 branches of the dungeon, and saw 7 of its levels.
You also visited: Ossuary.

You collected 315 gold pieces.
You spent 99 gold pieces at shops.
You paid 96 gold pieces to Gozag.

Inventory:

Hand Weapons
 a - a +0 rapier of flaming (weapon)
 j - the +0 war axe of the Weasel {flame, rF++ rCorr Str+3 Dex+3}
   (You found it on level 4 of the Dungeon)

   Str+3:     It affects your strength (+3).
   Dex+3:     It affects your dexterity (+3).
   rF++:      It greatly protects you from fire.
   rCorr:     It protects you from acid and corrosion.
Armour
 c - a +1 helmet (worn)
 g - a +0 ring mail (worn)
Jewellery
 h - an amulet of faith
 v - an amulet of magic regeneration
 F - a ring of fire
 L - a ring of flight (left hand)
Scrolls
 l - a scroll of poison
 m - a scroll of fog
 n - a scroll of noise
 u - a scroll of immolation {unknown}
 w - a scroll of fear
 X - a scroll of brand weapon
Potions
 b - a potion of magic
 d - a potion of haste
 f - 3 potions of curing
 o - a potion of resistance
 p - 2 potions of ambrosia
 x - a potion of cancellation {unknown}


   Skills:
 - Level 5.1 Fighting
 - Level 7.0 Short Blades
 - Level 2.0 Throwing
 + Level 2.9 Armour
 - Level 5.0 Dodging
 - Level 5.0 Evocations


You had 7 spell levels left.
You didn't know any spells.
Your spell library contained the following spells:

 Spells                   Type           Power      Damage    Failure   Level
 Shock                    Conj/Air       0%         1d3       65%         1
 Swiftness                Air            0%         N/A       95%         3
 Airstrike                Air            0%         2d(0-16)  100%        4


Dungeon Overview and Level Annotations

Branches:
Dungeon (6/15)             Temple (1/1) D:5         Ossuary (visited)

Altars:
Ashenzari
Cheibriados
Elyvilon
Gozag
Hepliaklqana
Kikubaaqudgha
Makhleb
Nemelex Xobeh
Qazlal
Ru
Trog
Vehumet
Wu Jian
Xom
Zin
The Shining One

Shops:
D:1 ?   D:2 *


Innate Abilities, Weirdness & Mutations

Your body sometimes deteriorates upon taking damage.
You are vulnerable to heat. (rF-)
You occasionally lose the ability to read scrolls when taking damage.


Message History

You see here a +0 whip.
Things that are here:
a +0 spear of freezing; a +0 ring mail You see here a +0 flail.
The ogre shouts!
You aren't carrying any items that you can evoke.
As you read the scroll of identify, it crumbles to dust.
m - a scroll of fog You aren't carrying any items that you can evoke.
Okay, then.
Unknown command.
You hit the ogre. You burn the ogre.
The ogre is lightly wounded.
The ogre hits you with a +0 giant club!
You hit the ogre. You burn the ogre.
The ogre is moderately wounded.
The ogre barely misses you.
You hit the ogre. You burn the ogre.
The ogre is moderately wounded.
It was a potion of mutation.
You feel extremely strange.
You feel vulnerable to heat.
You feel yourself wasting away.
You occasionally lose the ability to read scrolls when taking damage.
The ogre hits you with a +0 giant club!
Unknown command.
You hit the ogre but do no damage.
The ogre is moderately wounded.
You hit the ogre. You burn the ogre.
The ogre is severely wounded.
The ogre hits you with a +0 giant club!!
* * * LOW HITPOINT WARNING * * *
Okay, then.
Unknown command.
You aren't carrying any items that you can evoke.
Okay, then.
Unknown command.
You barely miss the ogre.
The ogre is severely wounded.
The ogre hits you with a +0 giant club!
You die...
Your body crumbles into a pile of gold.

#.#,*,,,#
#...#.#.#*************
#..***,.####...#.#.# *
#.## *#...##...>...#
##### *
#..###.#*.##..##.###
##...## *
#...#.#**.##..##.#
##.....##*
#..#.####.##<.##.#
##.......##
#.............##.#
#.........#
.#.#..........##O#
#....<...s.
.#.###....######@#
#.........#
.#.##.....# #.#
##.......##
.#.##.....# #.#
##.>...## ..........#
#.#########..>##
.#.##....## #)))).).#
##.## .#.##.#.##
#######.# #.#
.#.*#.*,###***### #.#
#.# ...,,.....,,,,..#
#)# #.###
...##.#.#######.# #.#
#...#


You could see an ogre.

Vanquished Creatures
  Grinder (D:5)
  2 ogres
  A weeping skull (Ossuary)
  A gnoll sergeant (D:5)
  A bullfrog (D:6)
  3 scorpions
  4 water moccasin zombies (Ossuary)
  A howler monkey (D:6)
  An orc priest (D:6)
  2 hounds
  A gnoll bouda (D:4)
  A sleepcap (D:6)
  A spectral scorpion (Ossuary)
  4 iguanas
  2 crocodile zombies (Ossuary)
  2 mummies (Ossuary)
  6 adders
  9 gnolls
  2 shadow imps (D:6)
  6 adder zombies (Ossuary)
  2 ribbon worms (D:2)
  A dart slug (D:1)
  7 orcs
  4 ball pythons
  3 endoplasms
  5 giant cockroaches
  8 gnoll zombies (Ossuary)
  3 goblins
  7 hobgoblins
  5 kobolds
  2 quokkas
  4 bats
  A frilled lizard (D:1)
  5 jackal zombies (Ossuary)
  5 orc zombies (Ossuary)
  8 rats
121 creatures vanquished.

Notes
Turn   | Place    | Note
-------+----------+-------------------------------------------
     0 | D:1      | Armakuni the Deep Elf Gladiator began the quest for the
                  | Orb.
     0 | D:1      | Reached XP level 1. HP: 12/12 MP: 3/3
   192 | D:1      | Found Hoclud's Magic Scroll Shop.
   197 | D:1      | Bought a scroll of teleportation for 30 gold pieces
   498 | D:1      | Reached XP level 2. HP: 10/16 MP: 4/4
   894 | D:2      | Reached skill level 4 in Short Blades
   905 | D:2      | Reached XP level 3. HP: 16/20 MP: 5/5
  1029 | D:2      | Found a faded altar of an unknown god.
  1530 | D:2      | Found Ameicki's Assorted Antiques.
  1543 | D:2      | Bought a scroll labelled JOCHEBL ACAVI for 23 gold pieces
  1543 | D:2      | Bought a scroll labelled GAEKOFFULO for 23 gold pieces
  1543 | D:2      | Bought a scroll labelled XUIVUE XI WOWIMIBE for 23 gold
                  | pieces
  1674 | D:3      | Reached XP level 4. HP: 21/25 MP: 6/6
  2402 | D:3      | Reached skill level 5 in Short Blades
  2614 | D:4      | Noticed an ogre
  2625 | D:4      | Killed an ogre
  2626 | D:4      | Reached skill level 6 in Short Blades
  2626 | D:4      | Reached XP level 5. HP: 29/29 MP: 7/7
  2649 | D:4      | Identified the +0 war axe of the Weasel {flame, rF++ rCorr
                  | Str+3 Dex+3}
  2794 | D:4      | Found a sparkling altar of Nemelex Xobeh.
  2996 | D:5      | Entered Level 5 of the Dungeon
  2998 | D:5      | Noticed an ogre
  3097 | D:5      | Reached skill level 7 in Short Blades
  3097 | D:5      | Reached XP level 6. HP: 17/34 MP: 8/8
  3203 | D:5      | Noticed Grinder
  3858 | D:6      | Found a sand-covered staircase.
  3862 | Ossuary  | Entered an ossuary
  4169 | Ossuary  | Reached XP level 7. HP: 32/42 MP: 9/9
  4497 | Ossuary  | Reached skill level 5 in Fighting
  4779 | D:6      | Reached skill level 1 in Evocations
  5044 | D:6      | Found a broken altar of Ashenzari.
  5134 | D:6      | Reached XP level 8. HP: 10/49 MP: 10/10
  5635 | D:4      | Reached skill level 5 in Evocations
  5795 | D:5      | Killed Grinder
  5796 | D:5      | Reached skill level 1 in Armour
  5824 | D:5      | Reached skill level 5 in Dodging
  5833 | D:5      | Found a staircase to the Ecumenical Temple.
  5842 | Temple   | Entered the Ecumenical Temple
  5856 | Temple   | Became a worshipper of Gozag Ym Sagoz the Greedy
  6075 | D:5      | Gained mutation: You are vulnerable to heat. (rF-) [potion
                  | of mutation]
  6075 | D:5      | Gained mutation: Your body sometimes deteriorates upon
                  | taking damage. [potion of mutation]
  6075 | D:5      | Gained mutation: You occasionally lose the ability to read
                  | scrolls when taking damage. [potion of mutation]
  6078 | D:5      | Slain by an ogre

Illustrated notes

Levels and vault maps discovered:
D:1:      minmay_arrival_doors, layout_loops_ring, serial_shops, shop
D:2:      minmay_skewed_foursquare, layout_loops_ring, serial_shops,
          nicolae_shop_temple_entry_statues_fountains,
          dreamdust_ecumenical_altar_hidden_monk_grotto
D:3:      layout_basic
D:4:      layout_rooms, nemelex_dance_club_becter
D:5:      layout_loops_ring, minmay_temple_entry_water_ring, chequers_jeans,
          nicolae_shop_firing_range, uniq_grinder
D:6:      layout_layer_cave, general_overflow_altar, nicolae_ossuary_entry_plus,
          grunt_tough_drop
Temple:   compressed_dpeg_circular_temple

Skill      XL: |  1  2  3  4  5  6  7  8 |
---------------+-------------------------+-----
Short Blades   | 4 6 7 |  7.0
Fighting       | 3 5 |  5.1
Evocations     | 3 5 |  5.0
Armour         | 2 |  2.9
Dodging        | 5 |  5.0
Throwing       | |  2.0

Action                     |  1- 3 |  4- 6 |  7- 9 || total
---------------------------+-------+-------+-------++-------
  Melee: Rapier            |   103 |   206 |   221 ||   530
         Punch             |     1 |     7 |       ||     8
  Throw: Throwing net      |       |     5 |       ||     5
  Evoke: Wand              |       |       |     7 ||     7
    Use: Scroll            |     8 |     6 |     2 ||    16
         Potion            |       |     3 |     8 ||    11
   Stab: Sleeping          |     2 |       |       ||     2
         Held in net/web   |       |     2 |       ||     2
 Armour: Leather armour    |    16 |       |       ||    16
         Ring mail         |    43 |    86 |    90 ||   219
         Skin              |       |    27 |       ||    27
  Dodge: Dodged            |    49 |   119 |    82 ||   250
